Map: Overgrown Facility

Players

Adversity

  • Race: Terran Terran
  • Spawn Location: 7:00

Squirtle

  • Race: Zerg Zerg
  • Spawn Location: 9:00

isaac - Winner!

  • Race: Zerg Zerg
  • League: Diamond
  • Spawn Location: 3:00

BiGBuLLY - Winner!

  • Race: Zerg Zerg
  • League: Master
  • Spawn Location: 1:00

VOD

Have the link to the VOD?

Description

Time

  • Played on: July 12, 2018, 6:54 p.m.
  • Length: 15:08
Show
View Real Time Build Order
Export as new Build Order

Adversity Terran 

Build Orders:  

Get SALT Encoding   

  12  0:01  SCV  
  13  0:13  SCV  
  14  0:18  Supply Depot  
  14  0:25  SCV  
  15  0:29  Refinery  
  15  0:39  SCV  
  16  0:45  Barracks  
  16  0:51  SCV  
  17  1:04  SCV  
  18  1:08  Barracks  
  18  1:16  SCV  
  19  1:25  Barracks  
  19  1:35  Reaper  
  20  1:41  Orbital Command  
  20  1:50  Supply Depot  
  20  1:56  Reaper  
  20  2:00  Refinery  
  21  2:08  SCV  
  21  2:11  Reaper  
  21  2:13  Reaper  
  24  2:18  Supply Depot  
  24  2:28  Reaper  
  24  2:29  SCV  
  26  2:45  Reaper  
  26  2:46  SCV  
  28  3:00  Reaper  
  28  3:02  Command Center  
  29  3:15  Command Center  
  29  3:16  Reaper, Command Center  
  30  3:20  Reaper  
  31  3:33  Reaper, SCV  
  33  3:38  Supply Depot  
  31  3:49  Reaper  
  31  3:52  Reaper  
  28  4:03  SCV  
  28  4:09  Supply Depot  
  30  4:36  Orbital Command, Command Center  
  31  4:41  Barracks Reactor  
  31  4:43  Barracks Tech Lab  
  31  4:45  SCV  
  29  4:46  Factory  
  29  5:03  Marine x2  
  29  5:06  Stimpack  
  29  5:07  SCV  
  32  5:09  SCV  
  33  5:24  Marine x4  
  37  5:31  SCV x2  
  37  5:33  Factory Reactor, Starport  
  39  5:43  Barracks, SCV  
  39  5:45  Barracks, Marine x4  
  45  5:55  Orbital Command  
  45  5:57  SCV  
  41  6:11  Marine x3  
  44  6:20  SCV  
  44  6:21  SCV x2  
  46  6:26  Engineering Bay x2  
  46  6:31  Medivac  
  46  6:32  Medivac, SCV  
  51  6:33  SCV x2  
  51  6:39  Marine x4  
  55  6:40  Marine x2  
  55  6:44  SCV  
  60  6:50  SCV x2  
  60  6:52  Refinery  
  60  6:53  Refinery  
  60  6:54  Terran Infantry Armor Level 1, Terran Infantry Weapons Level 1  
  62  7:01  Medivac  
  62  7:02  Medivac  
  62  7:06  Barracks Reactor x2  
  62  7:08  SCV x3  
  68  7:12  Barracks Reactor  
  68  7:13  Supply Depot  
  69  7:17  Marine x2  
  69  7:22  Combat Shield  
  71  7:23  Marine  
  71  7:25  Armory, SCV  
  71  7:26  SCV x2  
  71  7:29  Supply Depot  
  75  7:30  Supply Depot  
  76  7:41  Marine x3  
  76  7:42  Marine x3  
  76  7:43  Marine  
  82  7:47  Medivac  
  82  7:51  Medivac, Marine x2  
  88  7:55  SCV x3  
  88  7:57  Supply Depot  
  91  7:59  Marine x3  
  91  8:00  Marine x3  
  97  8:05  Supply Depot x2  
  97  8:11  Marine x2  
  97  8:12  Marine  
  99  8:17  Marine, Orbital Command  
  100  8:24  Marine x2  
  102  8:29  Marine x2  
  102  8:30  Marine x3  
  102  8:33  Marine  
  102  8:34  Medivac x2  
  110  8:35  Marine  
  110  8:37  SCV x2  
  110  8:40  Supply Depot  
  115  8:42  Marine  
  116  8:49  Marine x3  
  116  8:51  Terran Infantry Weapons Level 2, Terran Infantry Armor Level 2  
  116  8:52  SCV  
  120  8:57  Marine x4  
  123  9:14  Marine x2  
  123  9:15  Marine  
  123  9:16  Marine  
  123  9:17  Marine x3  
  105  9:19  Marine x2  
  105  9:23  Barracks  
  110  9:25  Barracks  
  110  9:26  Barracks  
  110  9:30  Medivac x2  
  114  9:32  Marine x3  
  114  9:34  Marine  
  116  9:48  Marine x4  
  116  9:49  Marine  
  116  9:51  SCV x3  
  121  9:54  Sensor Tower  
  121  9:55  Supply Depot x2  
  121  10:00  Medivac x2  
  122  10:08  Marine x4  
  122  10:09  Marine  
  122  10:10  Barracks Tech Lab  
  122  10:13  Barracks Tech Lab  
  122  10:14  Barracks Tech Lab  
  131  10:19  Supply Depot x2  
  131  10:24  Command Center  
  125  10:38  Marine x2  
  125  10:39  Marine x5, Marauder x2  
  125  10:40  Marauder x2  
  114  11:00  Marine x3  
  114  11:01  Marine x4, Marauder x4  
  122  11:08  Marine  
  120  11:18  Marine x4  
  111  11:19  Marine  
  111  11:20  Terran Infantry Weapons Level 3, Terran Infantry Armor Level 3  
  111  11:22  Marine  
  117  11:28  Medivac  
  117  11:29  Medivac, Marine x3  
  117  11:32  Marine  
  124  11:33  Marine, Marauder  
  124  11:37  Missile Turret  
  128  11:41  Missile Turret  
  128  11:42  Missile Turret  
  128  11:50  Marine  
  128  11:51  Marine x6  
  133  12:03  Missile Turret, Marine x2  
  133  12:04  Marauder, Concussive Shells  
  137  12:19  Orbital Command  
  122  12:33  Marine x2, Marauder  
  122  12:36  Marine x5  
  116  12:37  Marine, Marauder x2  
  116  12:38  Marine  
  107  12:50  Marine  
  107  12:51  Marine  
  99  12:52  Medivac x2  
  99  12:54  Marine x5  
  99  12:55  Marine, Marauder  
  104  13:00  Marine x3  
  107  13:07  Barracks  
  107  13:08  Marine x2  
  107  13:09  Barracks  
  107  13:11  Marine  
  110  13:16  Marauder  
  110  13:18  Marauder  
  114  13:22  Medivac x2  
  117  13:27  Marine x2  
  117  13:28  Marine x4, Marauder  
  117  13:29  Marauder  
  117  13:33  Marine x2  
  129  13:35  Command Center  
  129  13:37  Marine  
  115  13:52  Medivac x2, Marine x4  
  115  13:53  Marauder x2  
  95  14:10  Marine x10  
  95  14:11  Marine  
  95  14:12  Marauder  
  95  14:14  Marine, Marauder  
  101  14:22  Medivac x2  
  96  14:28  Marine x10, Command Center  
  96  14:29  Marauder  
  107  14:32  Marauder  
  107  14:33  Marauder  
  107  14:35  Marauder  
  113  14:44  Supply Depot  
  113  14:45  Marine  
  113  14:46  Marine x8  
Show
View Real Time Build Order
Export as new Build Order

Squirtle Zerg 

Build Orders: Pool First 

Get SALT Encoding   

  12  0:01  Drone  
  13  0:09  Extractor  
  12  0:25  Spawning Pool  
  11  0:30  Drone  
  12  0:36  Drone  
  12  0:42  Drone  
  14  0:54  Overlord  
  14  1:11  Metabolic Boost  
  14  1:13  Zergling x2  
  14  1:14  Zergling x2  
  14  1:18  Zergling x2  
  17  1:24  Zergling x2  
  18  1:33  Queen  
  18  1:37  Zergling x2  
  21  1:45  Zergling x2  
  22  1:55  Extractor  
  22  1:56  Zergling x2  
  23  2:20  Hatchery  
  21  2:28  Overlord x2  
  18  2:46  Drone x2  
  18  2:50  Queen  
  22  2:52  Drone  
  22  3:00  Drone x2  
  24  3:06  Drone  
  24  3:10  Drone  
  25  3:27  Spine Crawler  
  25  3:29  Spine Crawler  
  25  3:30  Zergling x6  
  25  3:34  Zergling x2  
  26  3:44  Spine Crawler  
  26  3:45  Zergling x2  
  26  3:50  Zergling x2  
  26  3:53  Zergling x2  
  28  3:59  Zergling x2  
  29  4:10  Evolution Chamber  
  29  4:14  Evolution Chamber  
  27  4:20  Zergling x2  
  28  4:30  Zergling x6  
  31  4:33  Drone  
  31  4:34  Drone  
  33  4:40  Drone  
  34  4:47  Drone  
  28  5:02  Zergling x6  
  31  5:08  Zergling x2  
  31  5:11  Zergling x2  
  33  5:17  Roach Warren, Zergling x2  
  33  5:20  Zergling x2  
  34  5:24  Zergling x2  
  35  5:34  Drone  
  32  5:37  Spine Crawler  
  32  5:39  Zergling x2  
  30  5:49  Drone x2  
  30  6:09  Zergling x8  
  32  6:15  Zergling x2  
  27  6:19  Zergling x2  
  12  6:35  Spine Crawler  
  12  6:36  Drone  
Show
View Real Time Build Order
Export as new Build Order

isaac Zerg - Winner!

Build Orders: Pool First, Lurkers 

Get SALT Encoding   

  12  0:00  Drone  
  13  0:10  Drone  
  14  0:14  Extractor  
  14  0:16  Drone  
  15  0:27  Extractor  
  14  0:33  Spawning Pool  
  13  0:38  Drone  
  14  0:43  Extractor  
  14  0:44  Drone  
  15  0:50  Overlord  
  15  1:20  Hatchery  
  15  1:22  Zergling x2  
  15  1:25  Zergling x2  
  16  1:31  Zergling x2  
  17  1:46  Metabolic Boost  
  17  1:56  Zergling x2  
  17  1:57  Queen  
  20  2:03  Zergling x2  
  21  2:09  Zergling x2  
  22  2:19  Overlord  
  22  2:36  Zergling x6  
  24  2:41  Zergling x2  
  21  2:52  Zergling x4  
  21  2:57  Zergling x2  
  23  3:05  Zergling x4  
  23  3:17  Zergling x4  
  23  3:18  Drone x2  
  27  3:33  Baneling Nest, Drone  
  27  3:35  Drone  
  27  4:06  Zergling x6  
  30  4:24  Baneling x2  
  30  4:25  Baneling x3  
  30  4:26  Zergling x2  
  30  4:27  Zergling x6  
  30  4:31  Overlord  
  34  4:32  Drone  
  35  4:48  Queen  
  35  4:50  Zergling x2  
  32  5:01  Zergling x4  
  32  5:02  Drone x3  
  37  5:08  Drone x3  
  37  5:13  Zergling x2  
  37  5:14  Zergling x2  
  42  5:22  Drone  
  42  5:23  Drone  
  44  5:34  Overlord  
  44  5:42  Drone  
  44  5:50  Hatchery  
  44  5:56  Drone x6  
  49  6:03  Roach Warren  
  47  6:06  Zergling x4  
  49  6:16  Drone x2  
  51  6:20  Lair  
  51  6:21  Extractor  
  51  6:23  Drone  
  51  6:50  Overlord  
  51  6:51  Overlord  
  51  6:52  Overlord  
  51  6:54  Overlord  
  51  7:19  Centrifical Hooks  
  51  7:21  Drone, Zergling x4  
  51  7:22  Drone x6  
  60  7:23  Baneling x3  
  60  7:24  Baneling x2  
  60  7:25  Drone  
  60  7:26  Drone  
  60  7:27  Drone x3  
  67  7:31  Extractor  
  67  7:33  Extractor  
  67  7:34  Drone  
  67  7:36  Drone  
  63  7:48  Baneling x2  
  62  7:51  Baneling x2  
  62  7:52  Roach  
  62  7:55  Zergling x6  
  62  7:56  Zergling x2  
  68  8:00  Queen x2  
  68  8:01  Zergling x6  
  68  8:02  Zergling x8  
  78  8:22  Drone  
  78  8:23  Drone x2  
  78  8:24  Drone  
  82  8:32  Hatchery  
  82  8:33  Drone x2  
  83  8:37  Overlord  
  83  8:38  Overlord  
  83  8:39  Overlord  
  84  8:50  Baneling  
  84  8:51  Baneling x6  
  84  8:55  Overlord, Baneling x3  
  84  8:56  Overlord x4  
  84  8:59  Baneling x3  
  84  9:00  Baneling x5  
  84  9:02  Spine Crawler  
  75  9:19  Drone x3  
  75  9:23  Drone  
  75  9:24  Drone x2, Evolution Chamber  
  81  9:26  Evolution Chamber  
  79  9:33  Drone, Spine Crawler x2  
  78  9:39  Hydralisk Den  
  78  9:41  Zergling x2  
  77  9:53  Queen x2  
  77  9:55  Drone x2  
  77  9:56  Drone  
  84  10:13  Zerg Missile Weapons Level 1, Zerg Ground Armor Level 1  
  84  10:17  Lurker Den  
  83  10:24  Baneling  
  83  10:25  Hydralisk x2, Baneling x2  
  83  10:26  Hydralisk x4  
  95  10:29  Hydralisk x2  
  95  10:33  Hydralisk  
  101  10:36  Hydralisk  
  101  10:37  Overlord x2  
  92  10:59  Zergling x2  
  88  11:25  Hatchery  
  87  11:33  Baneling x3  
  87  11:34  Hydralisk x5, Zergling x16  
  87  11:35  Zergling x2  
  96  11:42  Spine Crawler x2  
  96  11:44  Spine Crawler  
  96  11:45  Drone  
  96  11:46  Drone x2  
  96  11:47  Drone  
  96  11:49  Lurker x2  
  96  11:50  Lurker x5  
  85  12:06  Hydralisk x6  
  87  12:17  Hydralisk x4  
  87  12:18  Hydralisk  
  94  12:23  Baneling x2  
  94  12:24  Baneling x7  
  94  12:26  Hydralisk  
  94  12:27  Hydralisk  
  95  12:46  Lurker x2  
  95  12:49  Lurker  
  98  12:52  Zergling x4  
  98  12:53  Hatchery  
  98  12:58  Grooved Spines  
  99  13:10  Queen  
  99  13:11  Queen  
  103  13:13  Drone x2  
  105  13:31  Overlord x3  
  105  13:32  Drone  
  105  13:33  Drone x3  
  109  13:43  Extractor  
  109  13:48  Extractor  
  107  13:49  Hatchery  
  102  14:15  Drone  
  102  14:16  Drone x4  
  107  14:22  Hydralisk x3, Overlord x2  
  113  14:29  Zergling x6  
  116  14:42  Roach x3  
  116  14:43  Roach x2  
Show
View Real Time Build Order
Export as new Build Order

BiGBuLLY Zerg - Winner!

Build Orders: Hatch First 

Get SALT Encoding   

  12  0:01  Drone  
  13  0:13  Overlord  
  13  0:17  Drone  
  14  0:32  Drone x2  
  14  0:35  Drone  
  17  0:54  Hatchery  
  17  0:57  Drone  
  17  1:00  Drone  
  18  1:09  Extractor  
  17  1:16  Spawning Pool  
  16  1:26  Drone x2  
  16  1:29  Drone  
  19  1:39  Overlord  
  19  2:06  Zergling x6  
  19  2:07  Queen  
  24  2:18  Metabolic Boost  
  24  2:21  Queen  
  26  2:26  Drone  
  26  2:27  Drone x2  
  29  2:34  Drone  
  30  2:42  Zergling x4  
  32  2:58  Overlord  
  32  3:06  Evolution Chamber, Zergling x2  
  32  3:07  Zergling x6  
  35  3:23  Evolution Chamber  
  35  3:25  Zergling x2  
  35  3:26  Zergling x10  
  38  3:32  Zerg Ground Armor Level 1  
  36  3:38  Zergling x4  
  38  3:53  Zerg Melee Weapons Level 1  
  38  4:03  Overlord  
  38  4:04  Drone  
  38  4:05  Drone x4  
  39  4:24  Zergling x2  
  39  4:25  Zergling x10  
  41  4:40  Queen  
  43  4:47  Zergling x6  
  43  4:49  Hatchery  
  44  5:07  Overlord  
  44  5:13  Zergling x2  
  48  5:14  Zergling x14  
  52  5:25  Overlord  
  52  5:36  Queen  
  54  5:45  Zergling x2  
  54  5:46  Zergling x18  
  62  6:09  Zergling x2  
  62  6:10  Zergling x14  
  64  6:29  Queen  
  62  6:35  Zergling x2  
  62  6:36  Zergling x18  
  70  6:50  Extractor  
  69  6:58  Overlord  
  69  6:59  Overlord  
  69  7:00  Overlord  
  69  7:01  Drone  
  69  7:02  Drone x3  
  72  7:27  Lair  
  72  7:29  Drone  
  71  7:30  Drone x12  
  81  8:05  Baneling Nest  
  81  8:06  Extractor  
  81  8:07  Extractor  
  78  8:20  Drone  
  78  8:21  Drone x12  
  91  8:28  Drone  
  91  8:29  Drone x2  
  91  8:31  Extractor  
  91  8:33  Extractor  
  92  8:35  Drone, Spire  
  92  8:36  Drone x2  
  92  8:37  Drone x3  
  97  8:47  Overlord  
  97  8:48  Overlord  
  97  8:49  Overlord  
  97  8:51  Overlord  
  97  8:59  Drone  
  97  9:02  Zerg Melee Weapons Level 2, Zerg Ground Armor Level 2  
  98  9:08  Hatchery  
  72  9:17  Zergling x2  
  72  9:18  Zergling x18  
  82  9:29  Zergling x2  
  82  9:30  Zergling x10  
  77  9:39  Centrifical Hooks  
  77  9:55  Baneling x8  
  77  10:03  Mutalisk x4  
  84  10:07  Mutalisk  
  86  10:19  Queen  
  88  10:27  Hatchery  
  83  10:50  Mutalisk  
  83  10:51  Mutalisk x4  
  83  10:53  Zergling x2  
  83  10:54  Zergling x14  
  101  11:36  Drone  
  101  11:37  Drone x3  
  101  11:38  Drone x2  
  107  11:45  Queen  
  109  12:00  Baneling x5  
  109  12:01  Baneling  
  109  12:04  Zerg Flyer Armor Level 1  
  109  12:05  Hatchery  
  108  12:10  Baneling x4  
  108  12:12  Zergling x2  
  108  12:13  Zergling x28  
  96  12:41  Zergling x2  
  96  12:42  Zergling x22  
  92  13:02  Baneling x6  
  92  13:09  Mutalisk x3  
  92  13:10  Mutalisk x10  
  118  13:13  Baneling  
  118  13:14  Baneling x3  
  118  13:31  Zergling x2  
  118  13:32  Zergling x16  
  127  13:36  Zergling x2  
  127  13:37  Zergling x14  
  127  13:39  Baneling  
  127  13:40  Baneling x2  
  123  13:53  Mutalisk x5  
  114  14:04  Zergling x22  
  114  14:05  Zergling x2  
  114  14:28  Baneling  
  114  14:29  Baneling x14  
  114  14:32  Queen  
  114  14:36  Drone x9  
  114  14:37  Drone  
  114  14:38  Drone x2  
  128  14:42  Baneling  
  128  14:43  Baneling x4  
Tags
 
Add a new tag
Caveats
  • Supply blocks, unpowered buildings, or Contaminate may cause inaccurate times.
  • Supply counts are checked every 10 seconds.